AoeStats
← u990221

Arabia

509620025Analyzed
2v2 RM · 5d ago on Sep 27, 2026· 41m 43s· 4 players
Game mode
Random Map
Map size
Medium (4 player)
Population
200
Speed
Normal
Resources
Standard
Victory
Conquest
Starting age
Dark Age
Ending age
Imperial Age
RankedLock teamsTeams togetherTeam positionsShared explorationLock speedFull tech treeHidden civsTurbo modeCheats
Victory
Defeat
🇪🇸 Spanish · Spain
1195
+14
🇪🇸 Teutons · Spain
1195
+15
🇹🇼 Varangians · Taiwan
1185
-15
🇹🇼 Saxons · Taiwan
1145
-14
Andre114514
6:59 Loom
8:59 Feudal Age
9:51 Double-Bit Axe
15:49 Fletching
17:03 Horse Collar
21:49 Castle Age
20:12 Gold Mining
20:37 Padded Archer Armor
22:02 Wheelbarrow
21:52 Crossbowman
22:30 Bodkin Arrow
25:27 Bow Saw
27:54 Ballistics
30:14 Hand Cart
30:18 Stone Mining
31:38 Leather Archer Armor
33:42 Town Watch
36:27 Thumb Ring
42:08 Masonry
u990221
5:30 Loom
8:56 Feudal Age
9:33 Double-Bit Axe
15:31 Bloodlines
22:24 Castle Age
20:16 Horse Collar
22:56 Scale Barding Armor
24:15 Forging
26:17 Gold Mining
33:02 Chain Barding Armor
39:45 Wheelbarrow
40:29 Heavy Plow
41:28 Iron Casting
mpichelm
7:58 Loom
11:07 Feudal Age
15:33 Scale Barding Armor
15:50 Horse Collar
17:00 Forging
17:19 Bloodlines
20:44 Wheelbarrow
23:55 Castle Age
21:45 Double-Bit Axe
22:36 Town Watch
22:55 Gold Mining
25:50 Bow Saw
25:42 Heavy Plow
26:11 Chain Barding Armor
28:50 Iron Casting
28:17 Stone Mining
32:35 Hand Cart
39:20 Imperial Age
39:27 Cavalier
40:43 Plate Barding Armor
41:09 Blast Furnace
40:38 Conscription
42:15 Two-Man Saw
41:50 Crop Rotation
bzrcaa
10:29 Feudal Age
8:47 Loom
11:25 Double-Bit Axe
22:24 Castle Age
21:30 Padded Archer Armor
22:07 Gold Mining
22:07 Stone Mining
25:57 Bloodlines
25:48 Husbandry
37:55 Wheelbarrow
37:32 Bow Saw
37:04 Horse Collar
40:59 Leather Archer Armor
Connection lost

Rejoining the realm…

Still unreachable

The connection could not be restored.

Session expired

The server has moved on; the page needs a fresh start.